AoeStats
← [Massa] Edo

African Clearing

506975415Analyzed
3v3 RM · 15d ago on Sep 16, 2026· 43m 21s· 6 players
Game mode
Random Map
Map size
Normal (6 player)
Population
200
Speed
Normal
Resources
Standard
Victory
Conquest
Starting age
Dark Age
Ending age
Imperial Age
RankedLock teamsTeams togetherTeam positionsShared explorationLock speedFull tech treeHidden civsTurbo modeCheats
Victory
Defeat
🇦🇷 Cumans · Argentina
1471
+16
🇦🇷 Persians · Argentina
1444
+17
🇦🇷 Vietnamese · Argentina
1414
+18
🇺🇸 Mapuche · United States
1483
-18
🇧🇷 Italians · Brazil
1479
-18
🇧🇷 Teutons · Brazil
1418
-15
Speaker
3:12 Loom
14:20 Feudal Age
18:05 Castle Age
16:38 Double-Bit Axe
17:10 Fletching
18:17 Padded Archer Armor
19:25 Crossbowman
27:03 Ballistics
26:49 Horse Collar
28:31 Wheelbarrow
29:25 Bodkin Arrow
34:35 Thumb Ring
35:29 Leather Archer Armor
35:51 Bow Saw
40:28 Imperial Age
38:54 Gold Mining
41:57 Ring Archer Armor
41:26 Arbalester
42:08 Bracer
43:45 Chemistry
42:53 Town Watch
43:54 Paper Money
43:31 Stone Mining
Leandro Pared10s
9:22 Loom
11:31 Feudal Age
12:16 Double-Bit Axe
13:42 Wheelbarrow
15:52 Horse Collar
21:56 Castle Age
19:59 Gold Mining
21:04 Bloodlines
21:21 Scale Barding Armor
22:13 Forging
23:45 Heavy Plow
24:34 Chain Barding Armor
25:28 Bow Saw
25:22 Town Watch
26:18 Stone Mining
27:37 Iron Casting
29:04 Hand Cart
30:02 Gold Shaft Mining
33:36 Fletching
37:02 Imperial Age
33:54 Light Cavalry
34:45 Bodkin Arrow
39:07 Plate Barding Armor
39:33 Blast Furnace
40:35 Two-Man Saw
40:06 Crop Rotation
40:19 Conscription
39:35 Cavalier
40:48 Paladin
41:48 Murder Holes
The Gogs
2:56 Loom
11:39 Feudal Age
20:21 Fletching
27:15 Castle Age
38:17 Husbandry
42:15 Scale Barding Armor
42:21 Forging
42:31 Bloodlines
42:06 Horse Collar
[Massa] Edo
12:05 Loom
15:00 Feudal Age
18:34 Castle Age
16:40 Double-Bit Axe
17:15 Horse Collar
18:09 Gold Mining
20:55 Fletching
25:22 Padded Archer Armor
29:19 Ballistics
34:41 Bodkin Arrow
34:50 Elite Skirmisher
35:56 Leather Archer Armor
41:10 Wheelbarrow
el_Feist
5:40 Loom
13:49 Feudal Age
19:14 Castle Age
18:20 Horse Collar
21:25 Fletching
25:18 Ballistics
24:57 Bodkin Arrow
27:51 Malon
30:29 Wheelbarrow
33:31 Double-Bit Axe
36:17 Padded Archer Armor
41:13 Leather Archer Armor
tg
9:47 Loom
13:04 Feudal Age
22:44 Castle Age
21:09 Scale Barding Armor
25:57 Double-Bit Axe
32:38 Town Watch
35:36 Wheelbarrow
35:38 Fletching
40:28 Imperial Age
37:27 Pikeman
38:07 Squires
38:36 Bodkin Arrow
39:50 Bow Saw
39:22 Horse Collar
39:33 Gold Mining
40:29 Hand Cart
40:28 Guard Tower
42:17 Theocracy
41:58 Block Printing
41:17 Onager
Connection lost

Rejoining the realm…

Still unreachable

The connection could not be restored.

Session expired

The server has moved on; the page needs a fresh start.